 Dungeon Crawl Stone Soup version 0.20.1-1-g8b1a95d (webtiles) character file.

1512 Lanoc the Cleaver (level 8, 0/71 HPs)
             Began as a Hill Orc Berserker on Nov 30, 2017.
             Was an Initiate of Beogh.
             Slain by a polar bear (10 damage)
             ... created by the rage of Trog
             ... on level 6 of the Dungeon.
             The game lasted 00:22:45 (4381 turns).

Lanoc the Cleaver (Hill Orc Berserker)              Turns: 4381, Time: 00:22:46

Health: 0/71       AC: 16    Str: 27    XL:     8   Next: 83%
Magic:  8/8        EV:  9    Int:  7    God:    Beogh [......]
Gold:   365        SH:  3    Dex: 10    Spells: 7/7 levels left

rFire    . . .     SeeInvis +   a - +0 hand axe
rCold    . . .     Gourm    .   g - +0 buckler
rNeg     . . .     Faith    .   f - +1 chain mail
rPois    .         Spirit   .   n - +0 helmet
rElec    .         Reflect  .   A - +2 cloak {+Inv}
rCorr    .         Harm     .   (no gloves)
MR       +....                  l - +0 pair of boots
Stlth    ..........             (no amulet)
Regen    0.3/turn               m - ring of see invisible
MPRegen  0.2/turn               t - ring of protection from magic

@: mighty
A: no striking features
a: Renounce Religion, Evoke Invisibility


You were on level 6 of the Dungeon.
You worshipped Beogh.
Beogh was noncommittal.
You were not hungry.

You visited 1 branch of the dungeon, and saw 6 of its levels.

You collected 365 gold pieces.

Inventory:

Hand Weapons
 a - a +0 hand axe (weapon)
Missiles
 j - 12 tomahawks (quivered)
Armour
 f - a +1 chain mail (worn)
 g - a +0 buckler (worn)
 l - a +0 pair of boots (worn)
 n - a +0 helmet (worn)
 A - a +2 cloak of invisibility (worn)
Jewellery
 m - a ring of see invisible (left hand)
 s - an uncursed ring of protection from magic
 t - a ring of protection from magic (right hand)
Wands
 k - a wand of polymorph (14/24)
 u - a wand of flame (17/48)
 z - a wand of confusion (17/48)
Scrolls
 x - a scroll of identify
Potions
 b - a potion of might
 d - a potion of resistance {unknown}
 e - a potion of degeneration {unknown}
 h - a potion of lignification {unknown}
 i - 4 potions of curing
 o - 2 potions of heal wounds {unknown}
 v - a potion of haste {unknown}
 B - a potion of cancellation {unknown}
Comestibles
 c - 4 bread rations
 p - 2 chunks of flesh
 r - 9 fruits
 w - 2 royal jellies


   Skills:
 + Level 6.9 Fighting
 * Level 9.8 Axes
 + Level 5.3 Armour
 + Level 4.2 Dodging


You had 7 spell levels left.
You didn't know any spells.

Dungeon Overview and Level Annotations

Branches:
Dungeon (6/15)
 Temple: D:4-7

Altars:
Cheibriados
Gozag
Kikubaaqudgha
Qazlal

Shops:
D:3 *   D:4 %


Message History

The black bear rages.
The polar bear bites you.
* * * LOW HITPOINT WARNING * * *
The polar bear claws you but does no damage.
You block the polar bear's attack.
You feel better.
The polar bear bites you but does no damage.
The polar bear claws you.
* * * LOW HITPOINT WARNING * * *
The polar bear claws you but does no damage.
The black bear rages.
The polar bear bites you but does no damage.
The polar bear claws you but does no damage.
The polar bear closely misses you.
You feel better. The polar bear bites you!
* * * LOW HITPOINT WARNING * * *
The polar bear claws you but does no damage. x2
You feel very mighty all of a sudden. The polar bear bites you!
You die...

############ ...........##
..###.....(#######
+@hh............ ###h...#..#####
#....##.## #.?..##..# ########.#
###### #.###### #....# ######
#.#....#
#.##.##########....#####...##.#
#.#...........'...........<##.##


You could see 2 polar bears and a black bear (berserk).

Vanquished Creatures
  The ghost of yogakurto the Caller, an amateur DrSu of Vehumet (D:4)
  The ghost of WiZmei the Shield-Bearer, an amateur GrFi (D:3)
  3 ogres (D:5)
  A centaur (D:5)
  A scorpion (D:5)
  A water moccasin skeleton (D:4)
  5 wights (D:4)
  A crimson imp (D:6)
  3 hounds
  A bullfrog skeleton (D:4)
  5 orc wizards
  An iguana (D:4)
  Natasha (thrice) (D:2)
  A hound skeleton (D:5)
  A gnoll (D:3)
  3 adders
  2 adder skeletons (D:4)
  4 worms
  5 dart slugs
  2 leopard geckos
  13 orcs
  3 giant cockroaches
  5 goblins
  4 hobgoblins
  8 jackals
  7 kobolds
  3 quokkas
  A ball python (D:3)
  2 bats
  8 frilled lizards
  A leopard gecko skeleton (D:5)
  A quokka skeleton (D:4)
  9 rats
110 creatures vanquished.

Notes
Turn   | Place    | Note
-------+----------+-------------------------------------------
     0 | D:1      | Lanoc the Hill Orc Berserker began the quest for the Orb.
     0 | D:1      | Reached XP level 1. HP: 19/19 MP: 1/1
   102 | D:1      | Reached XP level 2. HP: 21/27 MP: 2/2
   783 | D:2      | Reached XP level 3. HP: 33/33 MP: 3/3
   865 | D:2      | Noticed Natasha
   873 | D:2      | Killed Natasha
   873 | D:2      | Reached ** piety under Trog
   873 | D:2      | Reached skill level 5 in Axes
   936 | D:2      | Reached XP level 4. HP: 40/40 MP: 4/4
  1254 | D:2      | Noticed Natasha
  1259 | D:2      | Killed Natasha
  1422 | D:2      | Noticed Natasha
  1428 | D:2      | Killed Natasha
  1428 | D:2      | Reached XP level 5. HP: 26/47 MP: 5/5
  1567 | D:3      | Found an opulent altar of Gozag.
  1577 | D:3      | Found Gozag's Platinum Reserve.
  1648 | D:3      | Found a snail-covered altar of Cheibriados.
  1683 | D:3      | Noticed WiZmei's ghost (amateur GrFi)
  1691 | D:3      | Killed WiZmei's ghost
  1691 | D:3      | Reached skill level 6 in Axes
  1691 | D:3      | Reached XP level 6. HP: 55/55 MP: 6/6
  1852 | D:3      | Found a stormy altar of Qazlal.
  2086 | D:3      | Reached skill level 5 in Fighting
  2182 | D:4      | Noticed yogakurto's ghost (amateur DrSu)
  2236 | D:4      | Killed yogakurto's ghost
  2236 | D:4      | Reached skill level 7 in Axes
  2236 | D:4      | Reached XP level 7. HP: 30/61 MP: 7/7
  2464 | D:4      | Reached *** piety under Trog
  2485 | D:4      | Reached skill level 8 in Axes
  2775 | D:4      | Reached XP level 8. HP: 57/70 MP: 8/8
  2940 | D:4      | Fell from the grace of Trog
  2940 | D:4      | Became a worshipper of Beogh the Brigand
  3060 | D:4      | Found Rucah's Food Shoppe.
  3241 | D:5      | Entered Level 5 of the Dungeon
  3299 | D:5      | Reached skill level 9 in Axes
  3299 | D:5      | Reached skill level 5 in Armour
  4275 | D:6      | Found an ancient bone altar of Kikubaaqudgha.
  4369 | D:6      | Noticed a polar bear
  4369 | D:6      | Noticed a polar bear
  4381 | D:6      | Slain by a polar bear

Skill      XL: |  1  2  3  4  5  6  7  8 |
---------------+-------------------------+-----
Fighting       | 4 5 6 |  6.9
Axes           | 5 6 7 8 9 |  9.8
Dodging        | 2 3 4 |  4.2
Armour         | 3 4 5 |  5.3

Action                   |  1- 3 |  4- 6 |  7- 9 || total
-------------------------+-------+-------+-------++-------
Melee: Hand axe          |    69 |   193 |   251 ||   513
Throw: Tomahawk          |       |       |     1 ||     1
Invok: Berserk           |     2 |     4 |     2 ||     8
       Burn Spellbooks   |       |     1 |     1 ||     2
       Convert to Beogh  |       |       |     1 ||     1
  Use: Scroll            |       |       |    11 ||    11
       Potion            |       |       |     3 ||     3
  Eat: Chunk             |     2 |     7 |     6 ||    15
       Meat ration       |       |       |     1 ||     1
Armor: Animal skin       |     3 |       |       ||     3
       Chain mail        |    26 |    83 |   132 ||   241
Dodge: Dodged            |    37 |    74 |    94 ||   205
Block: Buckler           |       |       |    21 ||    21
